[Event "LEM Niedersachsen-Meister 2025"]
[Site "Verden"]
[Date "2025.01.04"]
[Round "5.14"]
[White "de Vries, Carsten"]
[Black "Kieselbach, Jannik"]
[Result "0-1"]
[ECO "C65"]
[WhiteElo "1898"]
[BlackElo "1979"]
[Annotator "NA RC"]
[PlyCount "112"]
[EventDate "2024.12.27"]
[EventType "swiss"]
[EventCountry "GER"]
[SourceTitle "playchess.com"]
[Source "ChessBase"]
[SourceQuality "1"]
[TimeControl "40/5400+30:1800+30"]

1. e4 e5 2. Nf3 Nc6 3. Bb5 Nf6 4. d3 Bc5 5. Bxc6 dxc6 6. Nbd2 {[%emt 0:00:03] C65: Ruy Lopez: Berlin Defence (3...Nf6), unusual lines and 4 0-0 Bc5.} Qe7 7. Nc4 Nd7 8. O-O f6 9. Be3 Nb6 10. Bxc5 Qxc5 11. Ne3 Qe7 12. Nh4 Be6 13. a4 Nd7 14. Nhf5 Bxf5 15. Nxf5 Qf7 16. Qe2 O-O-O 17. b4 g6 18. Ne3 f5 ({Black should try} 18... Qe6 $14) 19. f3 f4 20. Nc4 Qe6 21. Qf2 Kb8 22. Rfb1 g5 23. b5 c5 24. a5 b6 25. axb6 axb6 26. Ra6 Kc8 27. Rba1 h5 28. Ra8+ Nb8 29. Kf1 Rhg8 30. Ke2 Rg7 31. h3 g4 32. hxg4 hxg4 33. Rg1 Rdg8 34. Raa1 Kb7 35. Rab1 Nd7 36. Kd2 Rg5 37. Kc3 Qg6 38. fxg4 Rxg4 39. Ra1 Rg3 40. Kb2 (40. Qe1 $1 $11) 40... Qg7 41. Nd2 Nf6 42. Nf3 Ng4 43. Qd2 Qd7 44. c4 Qe6 $2 ({Black should play} 44... Ne3 $19 45. Qc3 Rxg2+ (45... Nxg2 46. Qa3 c6 47. Qa7+ Kc8 48. Qa8+ Kc7 49. Ra7+ Kd6 50. Rxd7+ Kxd7 51. Qxc6+ Ke7 52. Ra1) 46. Rxg2 Rxg2+ 47. Kb3 Ng4 (47... Rc2 48. Ra7+ Kxa7 49. Qa1+ Kb8 50. Nxe5 $11)) 45. Kc3 (45. Kc1 $11) 45... Kc8 ({Of course not} 45... Ne3 $6 46. Qa2 Kc8 (46... Rxg2 47. Qa6+ Kb8 48. Qa8#) 47. Rh1 $16) 46. Ra8+ Kd7 $11 47. Rxg8 Qxg8 48. Qa2 Kd6 49. Nh4 Ne3 50. Qa7 Qd8 51. Rh1 Ke6 52. Nf3 Rxf3 53. Rh6+ Kf7 54. gxf3 Qd4+ 55. Kd2 Qb2+ 56. Ke1 Qc1+ 0-1

[Event "LEM Niedersachsen-Meister 2025"]
[Site "Verden"]
[Date "2025.01.04"]
[Round "5.15"]
[White "Celik, Abdullah"]
[Black "Wilmink, Anna"]
[Result "1/2-1/2"]
[ECO "D06"]
[WhiteElo "2032"]
[BlackElo "2033"]
[Annotator "NA RC"]
[PlyCount "52"]
[EventDate "2024.12.27"]
[EventType "swiss"]
[EventCountry "GER"]
[SourceTitle "playchess.com"]
[Source "ChessBase"]
[SourceQuality "1"]
[TimeControl "40/5400+30:1800+30"]

1. d4 d5 2. c4 c5 3. cxd5 Qxd5 4. Nf3 cxd4 5. Nc3 Qa5 6. Nxd4 {[%emt 0:00:09] D06: Queen's Gambit: Symmetrical and Baltic Defences.} Nf6 7. Bd2 e5 8. Nb3 Qc7 9. Rc1 Nc6 10. g3 Be6 11. Bg2 Be7 12. O-O O-O 13. Qc2 Rac8 14. Ne4 Nxe4 15. Qxe4 f5 16. Qa4 Bd7 17. Qc4+ Kh8 18. Be3 Qb8 19. Nc5 (19. Qa4 $11) 19... Bxc5 $1 20. Bxc5 Nd4 21. Qb4 Nxe2+ 22. Kh1 Nxc1 23. Bxf8 Rxf8 24. Rxc1 b6 25. Qe7 $11 Qe8 26. Qxe8 Rxe8 1/2-1/2